 Dungeon Crawl Stone Soup version 0.13.0-18-g7b03ea5 (webtiles) character file.

146 4tharraofdagon the Chopper (level 3, -3/37 HPs)
             Began as a Troll Berserker on Oct 22, 2013.
             Was a Believer of Trog.
             Killed from afar by Sigmund (6 damage)
             ... with a wand of magic darts
             ... on Level 5 of the Dungeon.
             The game lasted 00:02:07 (480 turns).

4tharraofdagon the Chopper (Troll Berserker)         Turns: 480, Time: 00:02:08

HP  -3/37        AC  5     Str 26      XL: 3   Next: 25%
MP   1/1         EV 10     Int  3      God: Trog [**....]
Gold 108         SH  0     Dex  9      Spells:  0 memorised,  2 levels left

Res.Fire  : . . .   See Invis. : .   a - +0 hand axe {=f}
Res.Cold  : . . .   Warding    : .   b - +0 animal skin
Life Prot.: . . .   Conserve   : .   (shield restricted)
Res.Poison: .       Res.Corr.  : .   (helmet restricted)
Res.Elec. : .       Clarity    : .   (no cloak)
Sust.Abil.: . .     Spirit.Shd : .   (gloves unavailable)
Res.Mut.  : .       Stasis     : .   (boots unavailable)
Res.Rott. : .       Flight     : .   (no amulet)
Gourmand  : +                        (no ring)
                                     (no ring)

@: regenerating (expiring), exhausted, slowed, very slow, quite resistant to
hostile enchantments, very unstealthy
A: unfitting armour, claws 3, fast metabolism 3, gourmand, regeneration 2,
saprovore 2, tough skin 2, AC +1
a: Burn Spellbooks, Berserk, Trog's Hand, Renounce Religion


You were on level 5 of the Dungeon.
You worshipped Trog.
Trog was pleased with you.
You were full.

You visited 1 branch of the dungeon, and saw 5 of its levels.

You collected 88 gold pieces.

Inventory:

Hand weapons
 a - a +0,+0 hand axe (weapon) {=f}
 i - a -1,+0 orcish hand axe (quivered)
Armour
 b - a +0 animal skin (worn)
Comestibles
 c - 3 meat rations
 f - a choko
Scrolls
 e - a scroll of blinking {unknown}
 g - a scroll of enchant weapon II {unknown}
 h - a scroll of remove curse {unknown}
 k - a scroll of recharging {unknown}
Books
 j - a book of Burglary

   Spells                             Type                      Level
   Apportation                        Translocation                1
   Swiftness                          Charms/Air                   2
   Passwall                           Transmutation/Earth          3
   Passage of Golubria                Translocation                4
   Lee's Rapid Deconstruction         Earth                        5
   Darkness                           Hexes                        7
   Trog disapproves of the use of such an item.


   Skills:
 - Level 2.4 Fighting
 + Level 3.6 Axes
 - Level 2.6 Dodging


You had 2 spell levels left.
You didn't know any spells.

Dungeon Overview and Level Annotations

Branches:
Dungeon (5/27)
 Temple: D:4-7

Altars:

Annotations:
D:3 Lilouch's ghost, average GrFi
D:5 Sigmund


Innate Abilities, Weirdness & Mutations

You are too large for most types of armour.
You have claws for hands.
Your metabolism is lightning-fast.
You like to eat raw meat.
You heal very quickly.
You can eat rotten meat.
You are covered in fur (AC +1).
You have very tough skin (AC +2).


Message History

* * * LOW HITPOINT WARNING * * *
Drink which item? (? for menu, Esc to quit)
You feel much better.
It was a potion of heal wounds.
You hear a zap.
The magic dart hits you!
Unknown command.
You barely miss it.
Your skin is crawling a little less now.
It hits you!
You barely miss it.
You hear a zap.
The magic dart hits you!
You closely miss it.
You hear a zap.
The magic dart hits you! It hits you!
* * * LOW HITPOINT WARNING * * *
You hit it but do no damage.
You hear a zap.
The magic dart hits you!
You die...

###+#####
#.......#
#.......+
#.......#
#.......#
#..@.{..#
#...{...#
#.......#
##+######


There were no monsters in sight!

Vanquished Creatures
  An adder (D:2)
  2 oozes
  4 orcs (D:4)
  A giant cockroach (D:1)
  2 goblins
  5 hobgoblins
  2 jackals (D:1)
  A kobold (D:1)
  A bat (D:1)
  A quokka (D:2)
  4 rats
24 creatures vanquished.

Notes
Turn   | Place    | Note
--------------------------------------------------------------
     0 | D:1      | 4tharraofdagon, the Troll Berserker, began the quest for the Orb.
     0 | D:1      | Reached XP level 1. HP: 23/23 MP: 0/0
   134 | D:1      | Reached XP level 2. HP: 17/31 MP: 0/0
   148 | D:1      | Reached skill level 3 in Axes
   216 | D:2      | Acquired Trog's second power
   273 | D:3      | Noticed Lilouch's ghost (average GrFi)
   329 | D:4      | Reached XP level 3. HP: 37/37 MP: 1/1
   459 | D:5      | Entered Level 5 of the Dungeon
   459 | D:5      | Noticed Sigmund
   479 | D:5      | HP: 1/37 [something (14)]
   480 | D:5      | Killed from afar by Sigmund

Action                   || total
-------------------------++-------
Melee: Hand axe          ||    90
Invok: Berserk           ||     2
       Trog's Hand       ||     1
  Use: Potion            ||     1
